 Dungeon Crawl Stone Soup version 0.27.1-1-g398f81649c (webtiles) character file.

Game seed: 8969288968174553466

43 nxtlvl the Cutter (level 3, -1/23 HPs)
             Began as a Deep Elf Monk on Sept 6, 2021.
             Slain by a gnoll (8 damage)
             ... on level 3 of the Dungeon.
             The game lasted 00:11:34 (932 turns).

nxtlvl the Cutter (Deep Elf Monk)                    Turns: 932, Time: 00:11:34

Health: -1/23      AC:  2    Str:  8    XL:     3   Next: 37%
Magic:  5/5        EV: 17    Int: 15    God:
Gold:   128        SH:  0    Dex: 17    Spells: 2/2 levels left

rFire    . . .     SeeInvis .   a - +0 short sword
rCold    . . .     Faith    .   (no shield)
rNeg     . . .     Spirit   .   i - +0 robe
rPois    +         Reflect  .   (no helmet)
rElec    .         Harm     .   (no cloak)
rCorr    .         Rampage  .   (no gloves)
Will     .....                  (no boots)
Stlth    ++........             (no amulet)
HPRegen  0.07/turn              e - +4 ring of evasion
MPRegen  0.09/turn              k - ring of poison resistance

@: no status effects
A: no striking features
a: no special abilities


You were on level 3 of the Dungeon.
You visited 1 branch of the dungeon, and saw 3 of its levels.

You collected 128 gold pieces.

Inventory:

Hand Weapons
 a - a +0 short sword (weapon)
 b - a +0 quarterstaff
 d - a +0 longbow
Missiles
 g - 24 poisoned darts (quivered)
Armour
 i - a +0 robe (worn)
Jewellery
 e - a +4 ring of evasion (left hand)
 k - a ring of poison resistance (right hand)
Scrolls
 j - a scroll of blinking {unknown}
Potions
 c - a potion of degeneration
 f - a potion of might {unknown}
 h - a potion of heal wounds {unknown}


   Skills:
 + Level 3.0 Fighting
 - Level 4.0 Short Blades
 - Level 3.6 Dodging
 - Level 2.4 Stealth


You had 2 spell levels left.
You didn't know any spells.
Your spell library contained the following spells:

 Spells                   Type           Power      Damage    Failure   Level
 Sting                    Tmut/Pois      0%         1d3       26%         1
 Ensorcelled Hibernation  Hex/Ice        0%         N/A       38%         2
 Spider Form              Tmut/Pois      0%         N/A       63%         3
 Shadow Creatures         Summ           N/A        N/A       100%        6
 Borgnjor's Revivificati  Necr           0%         N/A       100%        8
 Necromutation            Tmut/Necr      0%         N/A       100%        8
 Death's Door             Necr           0%         N/A       100%        9


Dungeon Overview and Level Annotations

Branches:
Dungeon (3/15)

Altars:

Annotations:
D:3 Natasha


Message History

You add the spells Borgnjor's Revivification, Necromutation and Death's Door to your library.
Items here: ( )) †.
A worm comes into view.
Found 10 gold pieces.
You now have 128 gold pieces (gained 10).
There is a stone staircase leading up here.
You strike the helpless dart slug from behind!
You puncture the dart slug!
The dart slug is almost dead.
The dart slug launches a dart at you. The slug dart hits you.
You hit the dart slug.
You kill the dart slug!
There is a stone staircase leading up here.
Things that are here:
3 stones; a +0 whip A hobgoblin comes into view.
The hobgoblin shouts!
The hobgoblin hits you.
You hit the hobgoblin but do no damage. The hobgoblin barely misses you.
You closely miss the hobgoblin. The hobgoblin closely misses you.
You hit the hobgoblin but do no damage. The hobgoblin closely misses you.
You completely miss the hobgoblin. You hit the hobgoblin but do no damage.
The hobgoblin hits you.
* * * LOW HITPOINT WARNING * * *
You hit the hobgoblin but do no damage. The hobgoblin misses you.
You hit the hobgoblin.
You kill the hobgoblin!
Training target 3.0 for Fighting reached!
Your Fighting skill increases to level 3!
You need to enable at least one skill for training.
The worm bites you.
* * * LOW HITPOINT WARNING * * *
There is a stone staircase leading down here.
You climb downwards.
Level annotation: Natasha The gnoll completely misses you.
There is a stone staircase leading up here.
The gnoll hits you with a +0 club!
You die...

###....# w.+....+
.... ###....####
.... #........
... ###....#
###.. ...)...+
.... ..<....# #
#.. #....#.#
###.#.#.###.#.#
.....+
....g...g@.......
#....#
.....#.###......
#....# .g # #.#.#
###### . .... #.#
.. # #### ...#


You could see 2 gnolls.

Vanquished Creatures
  4 dart slugs
  A ball python (D:2)
  2 endoplasms (D:2)
  3 giant cockroaches (D:2)
  3 goblins
  5 hobgoblins
  3 quokkas
  2 bats
  2 frilled lizards
  3 kobolds
  4 rats
32 creatures vanquished.

Notes
Turn   | Place    | Note
-------+----------+-------------------------------------------
     0 | D:1      | nxtlvl the Deep Elf Monk began the quest for the Orb.
     0 | D:1      | Reached XP level 1. HP: 13/13 MP: 3/3
    44 | D:2      | Found a faded altar of an unknown god.
    86 | D:2      | Got Plato's Compendium of Transmigration
   132 | D:2      | Reached XP level 2. HP: 10/18 MP: 4/4
   377 | D:1      | Reached skill level 4 in Short Blades
   556 | D:3      | Reached XP level 3. HP: 11/22 MP: 5/5
   625 | D:3      | Noticed Natasha
   932 | D:3      | Slain by a gnoll

Illustrated notes

Levels and vault maps discovered:
D:1:      dpeg_arrival_houses_and_road, layout_basic, minmay_vboxes
D:2:      layout_rooms, shapermc_ecumenical_altar_rom_forum
D:3:      layout_basic, nicolae_overflow_hidden_temple, serial_glass,
          glass_columns_b, glass_columns_c, kennysheep_orc_chapel, uniq_natasha

Skill      XL: |  1  2  3 |
---------------+----------+-----
Short Blades   | 4 |  4.0
Fighting       | 3 |  3.0
Dodging        | |  3.6
Stealth        | |  2.4

Action                   || total
-------------------------++-------
Melee: Short sword       ||   117
  Use: Scroll            ||     3
 Stab: Sleeping          ||     7
       Distracted        ||     2
Armor: Robe              ||    18
Dodge: Dodged            ||    67
